 Dungeon Crawl Stone Soup version 0.18-a0-1045-g4e042de (webtiles) character file.

9878 Duffy the Covert (level 11, 0/60 HPs)
             Began as a Vine Stalker Enchanter on Jan 12, 2016.
             Was a Believer of Ashenzari.
             Slain by a rat (1 damage)
             ... on level 10 of the Dungeon.
             The game lasted 00:24:27 (11439 turns).

Duffy the Covert (Vine Stalker Enchanter)          Turns: 11439, Time: 00:24:27

Health: 0/60       AC: 10    Str: 11    XL:     11   Next: 53%
Magic:  0/28       EV: 18    Int: 17    God:    Ashenzari [**....]
Gold:   323        SH:  0    Dex: 18    Spells: 6 memorised, 7 levels left

rFire  . . .     SeeInvis .     S - +2 rapier (venom)
rCold  . . .     Gourm    .     C - +2 leather armour {rN+}
rNeg   + . .     Faith    .     (no shield)
rPois  .         Spirit   +     r - +2 helmet (curse)
rElec  .         Dismiss  .     (no cloak)
rCorr  .         Reflect  .     D - +0 pair of gloves (curse)
SustAt .         Harm     .     E - +0 pair of boots (curse)
MR     +....                    H - amulet of regeneration (curse)
Stlth  +++++.....               X - +2 ring of intelligence
                                Y - ring of magical power (curse)

@: lethally poisoned (0 -> -2), somewhat resistant to hostile enchantments,
quite stealthy
A: fangs 3, regeneration 2, magic shield, antimagic bite, no device heal 3, rot
immunity
a: Scrying, Renounce Religion


You were on level 10 of the Dungeon.
You worshipped Ashenzari.
Ashenzari was pleased with you.
You were not hungry.

You visited 1 branch of the dungeon, and saw 11 of its levels.

You collected 792 gold pieces.
You spent 469 gold pieces at shops.


Innate Abilities, Weirdness & Mutations

You have razor-sharp teeth.
You heal very quickly.
When hurt, damage is shared between your health and your magic reserves.
Your bite disrupts and absorbs the magic of your enemies.
Potions and wands cannot restore your health.
You are immune to rotting.


   Skills:
 - Level 8.0 Fighting
 - Level 4.0 Short Blades
 + Level 7.0(8.5) Dodging
 + Level 11.0(12.3) Stealth
 - Level 5.0 Spellcasting
 - Level 8.8(10.2) Hexes


You had 7 spell levels left.
You knew the following spells:

 Your Spells              Type           Power        Failure   Level  Hunger
a - Ensorcelled Hibernat  Hex/Ice        ###...       4%          2    #......
c - Confuse               Hex            #####...     1%          3    ###....
d - Dazzling Spray        Conj/Hex       ###.....     10%         3    ###....
e - Apportation           Tloc           #.........   21%         1    None
r - Corona                Hex            #####..      1%          1    None
t - Tukima's Dance        Hex            #####...     1%          3    ###....

Inventory:

Hand Weapons
 p - a +2 rapier of flaming
 A - a +3 dagger
 B - a +0 whip of electrocution
 S - a +2 rapier of venom (weapon)
Missiles
 q - 4 throwing nets (quivered)
Armour
 r - a cursed +2 helmet (worn)
 s - the +2 hat of the Bear Spirit {Spirit, +Rage rN+ MR++}

   It protects you from negative energy.
   It affects your resistance to hostile enchantments.
   It lets you go berserk.
 C - a +2 leather armour of positive energy (worn)
 D - a cursed +0 pair of gloves (worn)
 E - a cursed +0 pair of boots (worn)
Jewellery
 m - an uncursed amulet of magic regeneration
 G - an uncursed ring of fire
 H - a cursed amulet of regeneration (around neck)
 M - a +3 ring of dexterity
 X - a +2 ring of intelligence (right hand)
 Y - a cursed ring of magical power (left hand)
Wands
 F - a wand of digging (11/24)
 J - a wand of draining (7/15)
 P - a wand of disintegration (20/24)
 T - a wand of cold (6/15)
 U - a wand of confusion (23/48)
Scrolls
 g - a scroll of curse armour
 i - 2 scrolls of fear {unknown}
 k - 4 scrolls of teleportation {unknown}
 l - a scroll of blinking {unknown}
 o - a scroll of enchant armour {unknown}
 y - a scroll of amnesia {unknown}
 K - a scroll of curse weapon
 N - a scroll of fog {unknown}
 V - a scroll of recharging {unknown}
 Z - a scroll of magic mapping {unknown}
Potions
 a - a potion of degeneration {unknown}
 e - 3 potions of flight
 f - 2 potions of cancellation
 j - a potion of lignification
 t - 2 potions of resistance
 u - 3 potions of invisibility {unknown}
 v - a potion of cure mutation {unknown}
 x - 3 potions of ambrosia
 z - a potion of curing {unknown}
 I - 2 potions of brilliance {unknown}
 O - a potion of might {unknown}
 Q - a potion of magic {unknown}
Books
 c - a book of Maledictions
 w - Asoulluu's Compendium of Dislocated Aid

   Spells                             Type                      Level
   a - Infusion                       Charms                       1
   b - Apportation                    Translocation                1
   c - Ozocubu's Armour               Charms/Ice                   3
   d - Passage of Golubria            Translocation                4
   e - Phase Shift                    Translocation                5
   f - Haste                          Charms                       6
 R - a book of Envenomations
 W - a Grand Grimoire
Comestibles
 d - 7 bread rations
 h - 4 beef jerkies
 n - 3 meat rations
 L - 10 royal jellies

Dungeon Overview and Level Annotations

Branches:
Dungeon (11/15)            Temple (0/1) D:7
   Lair: D:8-11         Orc: D:9-12

Altars:
Ashenzari
Dithmenos
Elyvilon
Gozag
Kikubaaqudgha
Pakellas
Ru
Sif Muna
Trog
Vehumet
Xom
Zin
The Shining One

Shops:
D:9 (   D:10 [


Message History

The killer bee is severely wounded.
You feel sick. The killer bee closely misses you. The killer bee stings you!
The killer bee completely misses you. The rat misses you.
You feel sick.
You kill the killer bee!
The killer bee barely misses you. The rat bites you but does no damage.
There is a stone staircase leading up here.
You see here a killer bee corpse.
You feel sick. The killer bee closely misses you. The killer bee stings you.
You are more poisoned.
The killer bee poisons you! The killer bee misses you. The rat misses you.
You climb upwards.
You feel sick.
There is a stone staircase leading down, spattered with blood here.
Your leather armour prevents you from hitting the killer bee.
Your bite misses the killer bee.
You feel sick. The killer bee completely misses you. The killer bee stings you.
The killer bee barely misses you. The rat closely misses you.
You closely miss the killer bee.
You feel sick. The killer bee stings you!
You are more poisoned.
The killer bee poisons you! The killer bee misses you. x2
The rat bites you but does no damage.
You hit the killer bee. Your bite misses the killer bee.
The killer bee is lightly wounded.
You feel sick. The killer bee completely misses you. The killer bee misses you.
The killer bee closely misses you. The rat completely misses you.
You miss the killer bee. You bite the killer bee. You drain its power.
You feel invigorated.
The killer bee is moderately wounded.
You feel sick. The killer bee stings you! x2
The killer bee closely misses you. The rat completely misses you.
You miss the killer bee. Your bite misses the killer bee.
The killer bee is moderately wounded.
You feel sick. The killer bee closely misses you.
The killer bee completely misses you. x2
The rat bites you.
You die...

..# #..##.#...##..#.....# ..#
#..##.#...##..#.....# ..#
#.....#..######)....#### ..#
#######..# #.........## ".#
#........# #......##..# ..#
#........# #.##.....#.# ..#
#........# #...#...#..#
..#####'############...#...#..#
...............y@.......###...#
.#..#...##..#....r.....#...#..#
.#......##........)..#.#._.#..#
.......................#...#..#
######################..###...#
##..#....# #.###..## #..#...#
##.....#


You could see a killer bee (berserk) and a rat.

Action                   |  1- 3 |  4- 6 |  7- 9 | 10-12 || total
-------------------------+-------+-------+-------+-------++-------
Melee: Dagger            |   121 |    27 |   223 |   217 ||   588
       Rapier            |       |    21 |    75 |   460 ||   556
 Cast: Ensorcelled Hiber |     2 |     6 |    54 |    62 ||   124
       Confuse           |     1 |     3 |    32 |    42 ||    78
       Dazzling Spray    |       |       |       |    13 ||    13
Evoke: Wand              |       |       |       |     2 ||     2
  Use: Scroll            |       |       |     7 |     5 ||    12
       Potion            |       |       |       |     3 ||     3
 Stab: Sleeping          |    12 |     6 |    30 |    43 ||    91
       Confused          |       |     2 |    23 |    17 ||    42
       Distracted        |       |       |       |     5 ||     5
  Eat: Chunk             |     3 |     4 |    10 |    17 ||    34
       Fruit             |       |       |     5 |       ||     5
       Royal jelly       |       |       |       |     4 ||     4

Notes
Turn   | Place    | Note
--------------------------------------------------------------
     0 | D:1      | Duffy the Vine Stalker Enchanter began the quest for the Orb.
     0 | D:1      | Reached XP level 1. HP: 9/9 MP: 4/4
    55 | D:1      | Reached skill level 1 in Short Blades
   261 | D:1      | Reached XP level 2. HP: 14/14 MP: 4/6
   365 | D:1      | Learned a level 2 spell: Ensorcelled Hibernation
   402 | D:1      | Reached skill level 1 in Fighting
   666 | D:1      | Reached skill level 2 in Short Blades
   807 | D:1      | Reached XP level 3. HP: 18/18 MP: 7/7
  1006 | D:2      | Learned a level 3 spell: Confuse
  1039 | D:2      | Found a deep blue altar of Sif Muna.
  1094 | D:2      | Found a faded altar to an unknown god.
  1526 | D:2      | Noticed Sigmund
  1629 | D:3      | Reached skill level 4 in Stealth
  1937 | D:2      | Reached XP level 4. HP: 22/22 MP: 5/8
  2041 | D:2      | Killed Sigmund
  2041 | D:2      | Reached skill level 5 in Hexes
  2041 | D:2      | Reached XP level 5. HP: 25/25 MP: 9/9
  2049 | D:2      | Learned a level 3 spell: Tukima's Dance
  2236 | D:3      | Gained mutation: You heal very quickly. [Vine Stalker growth]
  2236 | D:3      | Reached XP level 6. HP: 28/30 MP: 10/10
  2480 | D:3      | Found a shimmering altar of Xom.
  2819 | D:4      | Reached skill level 3 in Short Blades
  2924 | D:4      | Identified Asoulluu's Compendium of Dislocated Aid (You found it on level 4 of the Dungeon)
  2952 | D:4      | Reached XP level 7. HP: 27/33 MP: 9/11
  2972 | D:4      | Found a shattered altar of Ashenzari.
  2995 | D:4      | Reached skill level 4 in Short Blades
  2995 | D:4      | Reached skill level 6 in Hexes
  3024 | D:4      | Became a worshipper of Ashenzari the Shackled
  3394 | D:4      | Noticed Natasha
  3400 | D:4      | Killed Natasha
  3437 | D:5      | Entered Level 5 of the Dungeon
  3575 | D:5      | Reached skill level 7 in Hexes
  3607 | D:5      | Noticed Pikel
  3613 | D:5      | Noticed Grinder
  3631 | D:4      | Killed Pikel
  3631 | D:4      | Reached skill level 8 in Hexes
  3631 | D:4      | Gained mutation: You have razor-sharp teeth. [Vine Stalker growth]
  3631 | D:4      | Reached XP level 8. HP: 21/38 MP: 4/12
  3691 | D:5      | Killed Grinder
  3691 | D:5      | Reached skill level 3 in Spellcasting
  3761 | D:5      | Found an opulent altar of Gozag.
  3844 | D:6      | Noticed Menkaure
  3854 | D:5      | Reached skill level 2 in Fighting
  3876 | D:6      | Killed Menkaure
  3876 | D:6      | Reached skill level 4 in Spellcasting
  3888 | D:6      | Learned a level 3 spell: Dazzling Spray
  4171 | D:6      | Reached skill level 3 in Fighting
  4386 | D:6      | Found a glowing silver altar of Zin.
  4387 | D:6      | Noticed an angel
  4429 | D:6      | Reached XP level 9. HP: 44/44 MP: 12/17
  4657 | D:7      | Reached skill level 5 in Spellcasting
  4773 | D:7      | Reached skill level 4 in Fighting
  4803 | D:7      | Found a sacrificial altar of Ru.
  4817 | D:7      | Reached skill level 5 in Stealth
  4924 | D:7      | Reached skill level 6 in Stealth
  4942 | D:7      | Found a white marble altar of Elyvilon.
  5064 | D:7      | Noticed namelastname112's ghost (novice DrWz)
  5089 | D:7      | Killed namelastname112's ghost
  5089 | D:7      | Reached skill level 5 in Fighting
  5089 | D:7      | Reached skill level 7 in Stealth
  5371 | D:7      | Reached skill level 6 in Fighting
  5371 | D:7      | Reached skill level 8 in Stealth
  5423 | D:7      | Found a staircase to the Ecumenical Temple.
  5474 | D:7      | Reached XP level 10. HP: 53/53 MP: 13/18
  5506 | D:7      | Learned a level 1 spell: Apportation
  5651 | D:7      | Reached skill level 2 in Dodging
  5802 | D:8      | Reached * piety under Ashenzari
  6623 | D:8      | Reached skill level 3 in Dodging
  6770 | D:8      | Reached skill level 7 in Fighting
  7347 | D:9      | Found Guhuyrr's Weapon Shoppe.
  7357 | D:9      | Reached skill level 4 in Dodging
  8000 | D:9      | Reached skill level 8 in Fighting
  8107 | D:10     | Entered Level 10 of the Dungeon
  8586 | D:10     | Reached ** piety under Ashenzari
  8588 | D:10     | Found Yfitaonk's Armour Boutique.
  8598 | D:10     | Bought the +2 hat of the Bear Spirit {Spirit, +Rage rN+ MR++} for 469 gold pieces
  8634 | D:10     | Reached skill level 5 in Dodging
  8638 | D:10     | Reached skill level 9 in Stealth
  8650 | D:10     | Reached XP level 11. HP: 60/60 MP: 19/19
  8886 | D:10     | Found an oddly glowing altar of Pakellas.
  9197 | D:11     | Noticed a skeletal warrior
  9197 | D:11     | Noticed a skeletal warrior
  9324 | D:10     | Noticed a hill giant
  9336 | D:10     | Killed a hill giant
  9336 | D:10     | Reached skill level 6 in Dodging
  9336 | D:10     | Reached skill level 10 in Stealth
  9814 | D:5      | Noticed Blork the orc
  9827 | D:5      | Killed Blork the orc
  9910 | D:5      | Found an ancient bone altar of Kikubaaqudgha.
  9911 | D:5      | Found a radiant altar of Vehumet.
 10402 | D:5      | Found a shadowy altar of Dithmenos.
 10404 | D:5      | Found a glowing golden altar of the Shining One.
 10404 | D:5      | Found a bloodstained altar of Trog.
 11195 | D:10     | Killed a skeletal warrior
 11395 | D:11     | Reached skill level 7 in Dodging
 11413 | D:11     | Reached skill level 11 in Stealth
 11439 | D:10     | Slain by a rat

Vault maps used:
D:1:      sevenhm_arrival_forest_fort_large_2
D:2:      nicolae_overflow_crystal_walls, ecumenical_altar_1, uniq_sigmund
D:3:      tgw_xom
D:4:      evilmike_ruin_ashenzari, first_bread, st_stairs_12,
          hangedman_abyss_or_decor_jellyfish_corner, uniq_natasha
D:5:      lemuel_castle_with_subvaults, grunt_temple_overflow_diamond,
          nicolae_gozag_seed_capital, gammafunk_temple_overflow_wave,
          kennysheep_nondescript, grunt_decor_one_mirror, minmay_misc_feat_rows,
          grunt_tough_drop, uniq_grinder, uniq_blork_the_orc, uniq_pikel
D:6:      zin_angel, wad_woods_river_04, uniq_menkaure
D:7:      black_bear_nest_1, nicolae_overflow_hidden_temple, elyvilon_altar_4,
          minmay_temple_entry_mist
D:8:      hangedman_little_slice_of_home
D:9:      serial_shops, shop, special_room
D:10:     serial_shops, shop, grunt_pakellas_mercury
D:11:     due_lair_maze_entry_diamond, david_orc_2, serial_glass,
          glass_columns_b, glass_columns_a, glass_columns_a, glass_columns_b,
          special_room, serial_shops, shop, shop, hangedman_parallel_progression

Vanquished Creatures
  A skeletal warrior
  A hill giant Pikel
  The ghost of namelastname112 the Tainted, a novice DrWz of Yredelemnul Grinder
  A two-headed ogre Sigmund
  A wraith
  4 yaks
  A hippogriff
  A hungry ghost Menkaure
  2 black bears
  2 orc warriors
  2 sky beasts
  A slave
  2 phantoms
  2 ice beasts
  4 ogres
  3 necrophages
  3 centaurs
  A crocodile Blork the orc
  A big kobold
  5 giant frogs
  2 gnoll sergeants
  A scorpion
  24 killer bees
  12 wights
  9 crimson imps
  8 jellies
  2 hounds
  2 centaur skeletons
  7 orc priests
  5 gnoll shamans
  A giant frog skeleton Natasha
  15 orc wizards
  An iguana
  9 worker ants
  3 hound skeletons
  48 gnolls
  3 adders
  2 shadow imps
  7 oozes
  An adder zombie
  A worm
  4 giant geckos
  60 orcs
  5 giant cockroaches
  10 hobgoblins
  27 jackals
  12 kobolds
  A quokka
  5 bats
  A giant gecko zombie
  5 giant newts
  11 goblins
  A jackal skeleton
  A quokka zombie
  6 rats
357 creatures vanquished.
